 Dungeon Crawl Stone Soup version 0.30.0-13-g156ef70053 (webtiles) character file.

Game seed: 4055163296229468805

7315 browni3141 the Cleaver (level 10, -5/91 HPs)
             Began as a Minotaur Fighter on May 17, 2023.
             Was a High Priest of Okawaru.
             Slain by a yak (9 damage)
             ... on level 8 of the Dungeon.
             The game lasted 00:05:54 (6519 turns).

browni3141 the Cleaver (Minotaur Fighter)           Turns: 6519, Time: 00:05:55

Health: -5/91      AC: 20    Str: 21    XL:     10   Next: 90%
Magic:  9/9        EV:  8    Int:  5    God:    Okawaru [*****.]
Gold:   1025       SH: 11    Dex: 14    Spells: 9/9 levels left

rFire   + . .        a - +0 war axe
rCold   + . .        s - +0 kite shield
rNeg    . . .        v - +2 plate armour {rPois}
rPois   +            x - +2 hat {SInv}
rElec   .            n - scarf {rC+ rF+}
rCorr   .            X - +0 pair of gloves
SInv    +            w - +0 pair of boots
Will    .....        L - amulet of regeneration Stlth
                     (no ring)
HPRegen 1.15/turn    (no ring)
MPRegen 0.11/turn

%: no passive effects
@: slowed, very slow
A: horns 2, retaliatory headbutt
a: Renounce Religion, Heroism, Finesse, Duel


You were on level 8 of the Dungeon.
You worshipped Okawaru.
Okawaru was extremely pleased with you.
You visited 1 branch of the dungeon, and saw 8 of its levels.
You also visited: Bailey.

You collected 1469 gold pieces.
You spent 444 gold pieces at shops.

Inventory:

Hand Weapons
 a - a +0 war axe (weapon)
Missiles
 Z - 6 throwing nets (quivered)
Armour
 b - a +0 scale mail
 c - a +0 buckler
 n - a scarf of resistance (worn)
 s - a +0 kite shield (worn)
 v - a +2 plate armour of poison resistance (worn)
 w - a +0 pair of boots (worn)
 x - a +2 hat of see invisible (worn)
 E - a +0 cloak
 W - a +2 scale mail of fire resistance
 X - a +0 pair of gloves (worn)
Jewellery
 o - a ring of flight
 u - a +6 ring of intelligence
 y - a ring of magical power
 L - an amulet of regeneration (around neck)
Wands
 I - a wand of quicksilver (8)
 V - a wand of flame (12)
Scrolls
 t - a scroll of magic mapping {unknown}
 B - a scroll of amnesia {unknown}
 C - a scroll of blinking {unknown}
 F - 2 scrolls of enchant armour {unknown}
 G - a scroll of immolation {unknown}
 J - 4 scrolls of noise {unknown}
 N - a scroll of fear {unknown}
 O - 9 scrolls of identify {unknown}
 P - 4 scrolls of teleportation
 S - 2 scrolls of vulnerability {unknown}
 T - 3 scrolls of fog {unknown}
 Y - 3 scrolls of enchant weapon {unknown}
Potions
 p - a potion of flight {unknown}
 q - a potion of invisibility {unknown}
 r - 2 potions of brilliance {unknown}
 z - 2 potions of mutation {unknown}
 A - a potion of magic {unknown}
 D - a potion of haste {unknown}
 H - 4 potions of heal wounds
 K - a potion of berserk rage {unknown}
 M - a potion of might
 Q - 4 potions of curing {unknown}
 R - a potion of lignification {unknown}
 U - 5 potions of attraction {unknown}


   Skills:
 + Level 9.0 Fighting
 * Level 11.9 Axes
 + Level 9.1 Armour
 + Level 7.3 Dodging
 + Level 9.1 Shields


You had 9 spell levels left.
You didn't know any spells.
Your spell library contained the following spells:

 Spells                   Type           Power      Damage    Failure   Level
 Sandblast                Erth           0%         2d4       100%        1
 Cigotuvi's Dreadful Rot  Necr/Pois/Air  0%         N/A       100%        2
 Passwall                 Tmut/Erth      0%         N/A       100%        2
 Ignite Poison            Fire/Tmut/Pois 0%         N/A       100%        3
 Stone Arrow              Conj/Erth      0%         3d7       100%        3
 Petrify                  Tmut/Erth      0%         N/A       100%        4
 Freezing Cloud           Conj/Ice/Air   0%         6-21      100%        5
 Metabolic Englaciation   Hex/Ice        0%         N/A       100%        5
 Statue Form              Tmut/Erth      0%         N/A       100%        6


Dungeon Overview and Level Annotations

Branches:
Dungeon (8/15)             Temple (0/1) D:7          Bailey (visited)
   Lair: D:8-11

Altars:
Ashenzari
Nemelex Xobeh
Okawaru
Sif Muna
Wu Jian

Shops:
D:2 [   D:6 ([

Annotations:
D:5 3 runed translucent doors, hikkokomori's ghost, novice VSFi


Innate Abilities, Weirdness & Mutations

You have a pair of horns on your head.
You reflexively headbutt those who attack you in melee.


Message History

The yak is almost dead.
You barely miss the yak. You block the yak's attack. x2
You slash the yak!
You kill the yak!
Okawaru accepts your kill.
You hit the yak but do no damage. The yak closely misses you.
You hit the yak. You headbutt the yak!
You kill the yak!
Okawaru accepts your kill.
You hit the yak but do no damage. You block the yak's attack.
You slice the yak!! Your headbutt misses the yak.
The yak is heavily wounded.
You closely miss the yak. The yak gores you but does no damage.
You block the yak's attack.
You closely miss the yak. You headbutt the yak.
The yak is heavily wounded.
You slash the yak! The yak gores you! The yak gores you but does no damage.
You slash the yak!
The yak is almost dead.
You slash the yak! The yak closely misses you.
The yak gores you but does no damage.
You barely miss the yak. You headbutt the yak.
The yak is almost dead.
You hit the yak. The yak gores you. The yak gores you but does no damage.
You slash the yak!
You kill the yak!
Okawaru accepts your kill.
You slash the yak! You slash the yak!
You kill the yak!
Okawaru accepts your kill.
You hit the wraith but do no damage. The wraith hits you but does no damage.
Your Armour skill increases to level 9!
You barely miss the yak. You hit the wraith. The wraith hits you.
The wraith drains your vigour!
You feel yourself slow down. The yak gores you but does no damage.
You hit the wraith but do no damage. You headbutt the wraith!
The wraith is moderately damaged.
You hit the yak. The yak gores you but does no damage. The wraith hits you!
The wraith drains your vigour!
You feel as though you will be slow longer.
The yak gores you but does no damage. The wraith hits you.
The wraith drains your vigour!
You feel as though you will be slow longer.
You slash the wraith!
The wraith is severely damaged.
You hit the yak. The yak gores you! The wraith hits you but does no damage.
You hit the wraith. You headbutt the wraith!
You destroy the wraith!
Okawaru accepts your kill.
You hit the yak. You block the yak's attack. The yak completely misses you.
You furiously retaliate!
You headbutt the yak, but do no damage. The yak gores you but does no damage.
Your Fighting skill increases to level 9!
Your Shields skill increases to level 9!
You barely miss the yak. You headbutt the yak, but do no damage.
The yak is heavily wounded.
You closely miss the yak. The yak barely misses you. The yak gores you!
The yak closely misses you. x2
You slash the yak! You headbutt the yak.
You kill the yak!
Okawaru accepts your kill.
You hit the yak. The yak gores you!
You hit the yak.
The yak is lightly wounded.
You barely miss the yak.
The yak gores you. x2; The yak barely misses you.
You furiously retaliate!
You headbutt the yak, but do no damage. The yak gores you!
You barely miss the yak.
The yak is lightly wounded.
You hit the yak but do no damage. The yak gores you!
The yak gores you but does no damage.
You slash the yak!
The yak is heavily wounded.
You barely miss the yak. You block the yak's attack. x2
The yak gores you but does no damage. x2
You slash the yak!
The yak is almost dead.
You hit the yak but do no damage. You block the yak's attack. x2
You hit the yak.
You kill the yak!
Okawaru accepts your kill. Okawaru grants you a weapon!
Something appears at your feet!
You see here the +5 broad axe "Veekad" {venom, Int+6}.
You hit the yak but do no damage. The yak gores you but does no damage.
The yak gores you!
You slash the yak! Your headbutt misses the yak.
The yak is lightly wounded.
You block the yak's attack.
You hit the yak. You headbutt the yak!
The yak is heavily wounded.
The yak gores you. The yak gores you!
You completely miss the yak.
The yak is heavily wounded.
The yak closely misses you.
You slash the yak! You headbutt the yak.
The yak is almost dead.
The yak gores you!
You die...

#.# #.# #.# # #######
#.# ..#.####..... #.#
#.......... #.#
.........###.# #.#
..######..#.#.# ###.#
......Y@#...#.###...#
......†##.#.#.##..###
....... #.#.#.#..##
....... #...#.#.##
..~~... ##..#.#.#
.~..~.. #..#...#
⌠~..~.. #...>###
~⌠.~... #.#### #.#


You could see a yak.

Vanquished Creatures
  An orc knight (Bailey)
  Joseph (D:7)
  Maggie (D:7)
  Prince Ribbit (D:5)
  3 slime creatures (D:8)
  A wraith (D:8)
  A wyvern (D:7)
  9 yaks (D:8)
  Duvessa (D:7)
  A water moccasin (D:7)
  2 ice beasts
  A sky beast (D:7)
  A black bear (D:5)
  9 orc warriors
  A phantom (D:6)
  A bullfrog (D:6)
  4 scorpions
  6 gnoll sergeants (D:7)
  Dowan (D:7)
  11 killer bees
  5 howler monkeys
  3 gnoll boudas (D:7)
  10 hounds
  Crazy Yiuf (D:4)
  A jelly (D:6)
  A sleepcap (D:6)
  Natasha (thrice) (D:2)
  Terence (D:2)
  2 iguanas
  Robin (D:2)
  31 gnolls
  6 adders
  2 white imps
  3 ufetubi
  A worm (D:4)
  4 dart slugs
  23 orcs
  7 endoplasms
  4 giant cockroaches
  16 goblins
  16 hobgoblins
  7 jackals (D:7)
  5 quokkas
  6 ball pythons
  4 bats
  4 frilled lizards
  7 kobolds
  5 rats
236 creatures vanquished.

Notes
Turn   | Place    | Note
-------+----------+-------------------------------------------
     0 | D:1      | browni3141 the Minotaur Fighter began the quest for the
                  | Orb.
     0 | D:1      | Reached XP level 1. HP: 19/19 MP: 0/0
   217 | D:1      | Reached XP level 2. HP: 27/27 MP: 1/1
   374 | D:1      | Reached skill level 3 in Axes
   805 | D:2      | Reached XP level 3. HP: 33/33 MP: 2/2
   990 | D:2      | Noticed Natasha
  1001 | D:2      | Killed Natasha
  1002 | D:2      | Reached XP level 4. HP: 22/40 MP: 3/3
  1146 | D:2      | Noticed Robin
  1155 | D:2      | Killed Robin
  1219 | D:2      | Noticed Terence
  1228 | D:2      | Killed Terence
  1229 | D:2      | Reached skill level 4 in Axes
  1351 | D:2      | Noticed Natasha
  1360 | D:2      | Killed Natasha
  1361 | D:2      | Reached XP level 5. HP: 45/47 MP: 4/4
  1579 | D:2      | Noticed Natasha
  1584 | D:2      | Killed Natasha
  1643 | D:2      | Found Pemul's Armour Shoppe.
  1886 | D:3      | Found a faded altar of an unknown god.
  2473 | D:4      | Reached XP level 6. HP: 53/53 MP: 5/5
  2495 | D:4      | Reached skill level 5 in Axes
  2714 | D:4      | Found an iron altar of Okawaru.
  2782 | D:4      | Became a worshipper of Warmaster Okawaru
  2907 | D:4      | Found a runed translucent door.
  2908 | D:4      | Noticed Crazy Yiuf
  3188 | D:4      | Killed Crazy Yiuf
  3189 | D:4      | Reached XP level 7. HP: 55/61 MP: 6/6
  3227 | D:5      | Entered Level 5 of the Dungeon
  3241 | D:5      | Found a runed translucent gate.
  3241 | D:5      | Found a runed translucent gate.
  3242 | D:5      | Found a runed translucent gate.
  3242 | D:5      | Noticed hikkokomori's ghost (novice VSFi)
  3263 | D:5      | Reached skill level 3 in Dodging
  3275 | D:5      | Reached skill level 6 in Axes
  3352 | D:5      | Found a broken altar of Ashenzari.
  3396 | D:5      | Found a shimmering blue altar of Sif Muna.
  3410 | D:5      | Noticed Prince Ribbit
  3426 | D:5      | Reached * piety under Okawaru
  3428 | D:5      | Killed Prince Ribbit
  3429 | D:5      | Reached XP level 8. HP: 30/70 MP: 7/7
  3677 | D:5      | Reached skill level 7 in Axes
  3694 | D:6      | Found Hites's Armour Shoppe.
  3811 | D:6      | Reached skill level 6 in Shields
  3830 | D:6      | Reached ** piety under Okawaru
  3964 | D:6      | Reached skill level 6 in Fighting
  3964 | D:6      | Found Ahusog's Weapon Shop.
  3968 | D:6      | Reached skill level 6 in Armour
  4503 | D:7      | Found a flagged portal.
  4510 | D:7      | Reached skill level 8 in Axes
  4526 | Bailey   | Entered a bailey
  4623 | Bailey   | Reached XP level 9. HP: 78/78 MP: 8/8
  4795 | Bailey   | Reached skill level 9 in Axes
  4817 | Bailey   | Noticed an orc knight
  4832 | Bailey   | Killed an orc knight
  4832 | Bailey   | Reached *** piety under Okawaru
  4860 | Bailey   | Identified the +5 robe "Junedu" {Harm Rampage rElec rPois}
  4992 | D:7      | Reached skill level 10 in Axes
  5065 | D:7      | Reached skill level 6 in Dodging
  5151 | D:7      | Found a staircase to the Ecumenical Temple.
  5175 | D:7      | Reached **** piety under Okawaru
  5192 | D:7      | Noticed Joseph
  5205 | D:7      | Killed Joseph
  5206 | D:7      | Reached XP level 10. HP: 31/88 MP: 6/9
  5213 | D:7      | Noticed Maggie
  5278 | D:6      | Acquired 840 gold pieces
  5357 | D:2      | Bought a +2 plate armour of poison resistance for 444 gold
                  | pieces
  5435 | D:7      | Noticed Duvessa
  5435 | D:7      | Noticed Dowan
  5447 | D:7      | Killed Dowan
  5450 | D:7      | Killed Duvessa
  5578 | D:7      | Found an ornate altar of the Wu Jian Council.
  5726 | D:7      | Killed Maggie
  5726 | D:7      | Reached ***** piety under Okawaru
  5995 | D:7      | Reached skill level 11 in Axes
  6316 | D:8      | Found a sparkling altar of Nemelex Xobeh.
  6487 | D:8      | Received a gift from Okawaru
  6505 | D:8      | Reached skill level 9 in Armour
  6509 | D:8      | Reached skill level 9 in Fighting
  6509 | D:8      | Reached skill level 9 in Shields
  6515 | D:8      | Identified the +5 broad axe "Veekad" {venom, Int+6}
                  | (Okawaru gifted it to you on level 8 of the Dungeon)
  6515 | D:8      | Received a gift from Okawaru
  6517 | D:8      | HP: 1/91 [yak (7)]
  6519 | D:8      | Slain by a yak

Illustrated notes

Levels and vault maps discovered:
D:1:      elethiomel_arrival_maze, layout_basic
D:2:      layout_basic, serial_shops, nicolae_shop_hallway_plus, uniq_natasha,
          uniq_terence, uniq_robin
D:3:      kb_forest_paths, layout_rooms, basic_ecumenical_altar, serial_curves,
          eino_curves_04, eino_curves_03
D:4:      layout_basic, okawaru_trees_1, minmay_pentomino_pile,
          uniq_crazy_yiuf_cottage
D:5:      layout_rooms, mainiacjoe_overflow_catch_the_wave,
          gammafunk_ghost_split, uniq_prince_ribbit1
D:6:      layout_loops_ring, serial_shops, shop,
          nicolae_shop_bloodbath_and_beyond
D:7:      layout_cave_pools, nicolae_wu_jian_wuxing_cycle,
          minmay_temple_entry_stoned_glass, enter_bailey_2, serial_gnoll_camp,
          gnoll_camp_medium_02, gnoll_camp_mini_sergeant, gnoll_camp_mini_basic,
          gnoll_camp_huts_basic, gnoll_camp_medium_01, uniq_joseph,
          uniq_duvessa, uniq_maggie
D:8:      cheibrodos_helix_gallery, layout_basic, kennysheep_mini, trog_book,
          guppyfry_shop_venom

Skill      XL: |  1  2  3  4  5  6  7  8  9 10 |
---------------+-------------------------------+-----
Axes           | 3 4 5 6 8 10 11 | 11.9
Armour         | 4 5 6 8 9 |  9.1
Dodging        | 1 2 3 4 6 7 |  7.3
Shields        | 4 5 6 8 9 |  9.1
Fighting       | 4 5 6 8 9 |  9.0

Action                     |  1- 3 |  4- 6 |  7- 9 | 10-12 || total
---------------------------+-------+-------+-------+-------++-------
  Melee: War axe           |    69 |   157 |   260 |   171 ||   657
         Headbutt          |     7 |    24 |    56 |    33 ||   120
         Punch             |       |       |       |     1 ||     1
 Invoke: Heroism           |       |       |     3 |     2 ||     5
  Evoke: Wand              |       |       |     1 |       ||     1
    Use: Potion            |       |       |     1 |       ||     1
         Scroll            |       |       |       |     2 ||     2
 Armour: Scale mail        |    31 |    48 |   172 |     9 ||   260
         Plate armour      |       |       |       |    86 ||    86
  Dodge: Dodged            |    38 |    76 |   228 |    77 ||   419
  Block: Buckler           |    16 |    40 |    80 |       ||   136
         Kite shield       |       |       |       |    48 ||    48
